[Event "*** Titled Tuesday Blitz"]
[Site "Chess.com"]
[Date "2018.07.03"]
[Round "9"]
[White "Arman_Hakemi"]
[Black "andrzej"]
[Result "0-1"]
[WhiteElo "2284"]
[BlackElo "2215"]
[TimeControl "180+2"]
[EndTime "14:57:51 PDT"]
[Termination "andrzej won by checkmate"]

1. Nf3 Nf6 2. g3 e6 3. Bg2 d5 4. b3 c5 5. Bb2 Be7 6. O-O O-O 7. e3 b6 8. c4 Bb7 9. cxd5 Nxd5 10. d4 Nd7 11.
Nbd2 cxd4 12. Nxd4 Nc5 13. Nc4 Rc8 14. Qe2 Bf6 15.
Rfd1 Qc7 16. e4 Nb4 17. a3 Nba6 18. Rac1 Qb8 19. b4 Na4 20. Ba1 Rfd8 21. e5 Be7 22.
Bxb7 Qxb7 23. b5 Nc7 24. Nc6 Re8 25. Nxe7+ Rxe7 26. Nd6 Qb8 27. Nxc8 Qxc8 28. Qc4 Nc5 29. Bd4 Nd5 30. Bxc5 Rc7 31. Qg4 bxc5 32. h4 c4 33.
h5 h6 34. Qd4 c3 35. a4 Rc5 36. Rd3 Qc7 37. Rc2 Rc4 38. Rcxc3 Rxc3 39. Rxc3 Qxc3 40.
Qxa7 Qe1+ 41. Kg2 Qe4+ 42. Kg1 Nc3 43. b6 Ne2+ 44. Kf1 Nd4 45. Kg1 Nf3+ 46. Kf1 Nd4 47. Kg1 Nf3+ 48. Kg2 Nxe5+ 49. Kf1 Qh1+ 50. Ke2 Qf3+ 51. Kd2 Qd3+ 52. Kc1 Nc4 53. Qb8+ Kh7 54.
Qf4 Qc3+ 55. Kd1 Nb2+ 56. Ke2 Qd3+ 57. Ke1 Qd1# 0-1

[Event "*** Titled Tuesday Blitz"]
[Site "Chess.com"]
[Date "2018.07.03"]
[Round "9"]
[White "gmjlh"]
[Black "Alopekos"]
[Result "1-0"]
[WhiteElo "2654"]
[BlackElo "2435"]
[TimeControl "180+2"]
[EndTime "14:57:54 PDT"]
[Termination "gmjlh won by resignation"]

1. d4 Nf6 2. Nf3 e6 3. e3 c5 4. Bd3 b6 5. O-O Bb7 6. c4 cxd4 7. exd4 d5 8. Nc3 Be7 9. cxd5 Nxd5 10. Ne5 O-O 11. Qh5 g6 12. Qh3 Bg5 13. Qf3 Nc6 14. Nxc6 Bxc6 15. Be4 Rc8 16. Bxd5 Bxd5 17. Nxd5 exd5 18.
Re1 Bxc1 19. Raxc1 Re8 20. g3 Rxc1 21. Rxc1 Qd6 22. h4 h5 23. a3 Re4 24. Rc8+ Kg7 25.
Ra8 Qc7 26. Qc3 Qe7 27. Qc8 Re1+ 28. Kh2 Kf6 29. Qh8+ Kf5 30. Qh6 Re4 31. Qd2 Kf6 32. Qh6 Kf5 33. Qh7 Rxd4 34. Qh6 Re4 35. Rf8 Ke6 36. Qh8 Re2 37. Re8 Rxf2+ 38. Kg1 Rf5 39. Rxe7+ Kxe7 40. Qb8 d4 41. Qxa7+ Ke6 42. Qxb6+ Kd5 43.
Qb5+ Ke4 44. Qe2+ Kd5 45. b3 Re5 46. Qc4+ Ke4 47. Kf2 1-0

[Event "*** Titled Tuesday Blitz"]
[Site "Chess.com"]
[Date "2018.07.03"]
[Round "9"]
[White "Orest_Vovk"]
[Black "ChrisTool2"]
[Result "0-1"]
[WhiteElo "2244"]
[BlackElo "2281"]
[TimeControl "180+2"]
[EndTime "14:58:01 PDT"]
[Termination "ChrisTool2 won by resignation"]

1. h4 d5 2. h5 e5 3. h6 Nxh6 4.
d4 Nc6 5. Bxh6 gxh6 6. dxe5 Nxe5 7. Nf3 Qf6 8. c3 Be6 9. Qd4 Bd6 10. Nbd2 O-O 11.
Rh5 Nxf3+ 12. Nxf3 Qg6 13. Qh4 Be7 14. Qh1 Bg5 15.
Nxg5 hxg5 16. Rh6 Qc2 17. Qh5 Bf5 18. Qxg5+ Bg6 19. Qd2 Qe4 20. f3 Qe5 21. Kf2 c5 22. Rd1 Rad8 23. e3 Rfe8 24. Bd3 d4 25. exd4 cxd4 26.
Bxg6 fxg6 27. cxd4 Qb5 28. b3 Rd7 29. Rh4 Rde7 30.
Kg3 Re2 31. Qh6 Qd7 32. Rf4 Qc7 33. Qg5 Rf8 34. Qd5+ Kg7 35. Qg5 Rxf4 36. Qxf4 Rxg2+ 37. Kxg2 Qxf4 38. Kf2 Qd6 39. d5 h5 40. Ke3 g5 41.
Ke4 Qf4+ 42. Kd3 Qxf3+ 43. Kc2 Qg2+ 44. Rd2 Qg4 45. d6 Qd7 46. Kc3 g4 47. Rd5 Kg6 48. Kd4 h4 49. Ke5 g3 50. Rd3 g2 51. Rd1 h3 52. Rc1 Qf5+ 53. Kd4 Qf4+ 54. Kd5 Qxc1 0-1

[Event "*** Titled Tuesday Blitz"]
[Site "Chess.com"]
[Date "2018.07.03"]
[Round "9"]
[White "EndgameGrinder"]
[Black "Artur0208"]
[Result "1-0"]
[WhiteElo "2465"]
[BlackElo "2437"]
[TimeControl "180+2"]
[EndTime "14:58:01 PDT"]
[Termination "EndgameGrinder won by resignation"]

1. e4 e5 2. Nf3 Nc6 3. d4 exd4 4. Nxd4 Bc5 5. Nb3 Bb6 6. Nc3 Nf6 7. Qe2 O-O 8. Bg5 h6 9. Be3 Bxe3 10. Qxe3 Qe7 11. O-O-O d6 12. f3 Be6 13. g4 a5 14. Nd4 Nxd4 15.
Qxd4 Nd7 16. h4 Ne5 17. Be2 Qf6 18. a4 Qf4+ 19. Qd2 Qxd2+ 20. Kxd2 g5 21. Ke3 Kg7 22. b3 f6 23. Nb5 Rf7 24. Nd4 Bd7 25. Bb5 c6 26.
Be2 Re8 27. Bc4 Rfe7 28. Kf2 Nxg4+ 29. fxg4 Rxe4 30. Nf5+ Bxf5 31. gxf5 Rf4+ 32. Kg2 Rg4+ 33. Kf3 Rf4+ 34. Kg3 Re3+ 35. Kg2 d5 36. Bd3 Rff3 37.
Rh2 g4 38. h5 g3 39. Rh3 c5 40. Rf1 Rxf1 41. Bxf1 Kf7 42. Rxg3 Re1 43. Kf2 Rc1 44.
Bd3 Rh1 45. Be2 Rc1 46. Rg6 Rxc2 47. Rxh6 d4 48. Rh7+ Kg8 49. Rd7 Rb2 50. Ke1 Rb1+ 51. Kd2 Rb2+ 52. Kd1 Rb1+ 53. Kc2 Rh1 54. Rxb7 Rh3 55.
Rb5 Rc3+ 56. Kd2 Kg7 57. Bc4 Kh6 58. Rxa5 Kxh5 59. Rxc5 Kg4 60. Be2+ Kf4 61. Rxc3 1-0

[Event "*** Titled Tuesday Blitz"]
[Site "Chess.com"]
[Date "2018.07.03"]
[Round "9"]
[White "sergeikim"]
[Black "dolynachess"]
[Result "1-0"]
[WhiteElo "2412"]
[BlackElo "2394"]
[TimeControl "180+2"]
[EndTime "14:58:04 PDT"]
[Termination "sergeikim won by resignation"]

1. d4 Nf6 2. c4 c5 3. d5 b5 4. cxb5 a6 5. b6 d6 6. Nc3 Nbd7 7. e4 g6 8. Nf3 Bg7 9. Be2 O-O 10. O-O Qxb6 11. a4 Rb8 12. Nd2 Ne8 13. Ra3 Nc7 14. Qc2 Qa7 15. Nc4 Bb7 16. Bg5 Rfe8 17. Qd2 Ne5 18. Bh6 Nxc4 19. Bxc4 Bh8 20. Nd1 e6 21.
dxe6 Nxe6 22. Qxd6 Bxe4 23. Re3 Nd4 24. Qf4 Qb7 25.
Nc3 Bxg2 26. Bxf7+ Qxf7 27. Qxf7+ Kxf7 28. Kxg2 Rxb2 29. Ne4 Re5 30. Bf4 Nf5 31. Ree1 Rd5 32. Ng5+ Kg8 33. Re8+ Kg7 34. Be5+ Kh6 35. Nf7+ Kh5 36. Bxh8 Rd7 37. Bxb2 Rxf7 38. Re4 Rb7 39. Bc3 Rb3 40. Rc4 Nh4+ 41. Kh1 Nf5 42. Rxc5 Ra3 43. a5 Ra2 44. h3 Kh4 45.
Kh2 Rc2 46. Bf6+ Kh5 47. Rxc2 1-0

[Event "*** Titled Tuesday Blitz"]
[Site "Chess.com"]
[Date "2018.07.03"]
[Round "9"]
[White "arctic_t00"]
[Black "MITerryble"]
[Result "1-0"]
[WhiteElo "2367"]
[BlackElo "2708"]
[TimeControl "180+2"]
[EndTime "14:58:17 PDT"]
[Termination "arctic_t00 won on time"]

1. d4 e6 2. Nf3 Nf6 3. e3 b6 4. Bd3 Bb7 5. O-O g6 6. c4 Bg7 7. Nc3 O-O 8. e4 d6 9. h3 h6 10. Re1 Nfd7 11. Be3 e5 12. d5 a5 13. a3 Na6 14. g4 Ndc5 15. Bc2 Bc8 16. b4 Nd7 17. Rb1 Kh7 18. Kg2 Nf6 19. Nd2 Bd7 20. f3 Ng8 21. Rh1 axb4 22. axb4 f5 23. exf5 gxf5 24. Ne2 Kh8 25. Bf2 e4 26. Nf4 Qg5 27. Bg3 Be5 28. h4 Qg7 29. g5 Rae8 30. Rb3 Ne7 31. Nh5 Qg6 32. fxe4 f4 33. Bf2 Rf7 34. Qf3 hxg5 35. hxg5 Qxg5+ 36. Kf1 Rh7 37. Bd1 Rf8 38. Bh4 Qg6 39.
Bxe7 Rxe7 40. Nxf4+ Qh7 41. Ng6+ Kg7 42. Rxh7+ Kxg6 43. Qxf8 Rxh7 44. Nf3 Bf6 45. e5 Be7 46. Bc2+ 1-0

[Event "*** Titled Tuesday Blitz"]
[Site "Chess.com"]
[Date "2018.07.03"]
[Round "9"]
[White "NateSolon"]
[Black "ahmadzada13"]
[Result "0-1"]
[WhiteElo "2386"]
[BlackElo "2491"]
[TimeControl "180+2"]
[EndTime "14:58:17 PDT"]
[Termination "ahmadzada13 won by resignation"]

1. d4 Nf6 2. Bg5 Ne4 3. Bf4 c5 4. f3 Nf6 5. dxc5 Qa5+ 6. Nc3 Qxc5 7. e4 d6 8. Qd2 Nc6 9. O-O-O g6 10. Nd5 Nxd5 11. exd5 Ne5 12. Be3 Qc7 13. Bd4 Bf5 14. Bb5+ Bd7 15. Bxd7+ Qxd7 16. f4 Bh6 17. Kb1 f6 18. Ne2 O-O 19. Qb4 Qg4 20. Rhe1 Bxf4 21. Bxe5 fxe5 22. g3 Rac8 23. gxf4 exf4 24. Qe4 Qf5 25. Nd4 Qxe4 26. Rxe4 Rf7 27. Rf1 Rc5 28. Rexf4 Rxf4 29. Rxf4 Rxd5 30. c4 Re5 31. Kc2 h5 32.
Kd3 Kg7 33. Re4 Kf6 34. Rxe5 Kxe5 35. Ke3 g5 36. b3 g4 37. Ne2 h4 38. Nf4 Kf5 39. Ng2 h3 40. Nf4 g3 41. Nxh3 gxh2 42.
Nf2 e6 43. Kf3 d5 44. cxd5 exd5 45. Kg2 Kf4 46. Kxh2 Ke3 47. Kg2 d4 48. Ng4+ Ke2 49. Kg3 d3 50. Kf4 d2 51. Ne3 d1=Q 52. Nxd1 Kxd1 53.
Ke3 Kc2 54. Kd4 Kb2 55. Kc4 Kxa2 56. b4 Ka3 57. Kc3 Ka4 58. Kc4 b5+ 59. Kc5 a5 0-1

[Event "*** Titled Tuesday Blitz"]
[Site "Chess.com"]
[Date "2018.07.03"]
[Round "9"]
[White "joejan"]
[Black "ChessMavenYeti"]
[Result "1-0"]
[WhiteElo "2256"]
[BlackElo "2201"]
[TimeControl "180+2"]
[EndTime "14:58:22 PDT"]
[Termination "joejan won by resignation"]

1. e4 e6 2. d3 d5 3. Nd2 c5 4.
Ngf3 Nf6 5. g3 Be7 6. Bg2 Nc6 7. O-O O-O 8. e5 Nd7 9. Re1 b5 10. Nf1 Bb7 11. h4 Qc7 12. Bf4 Rfc8 13. N1h2 Qd8 14. Ng5 h6 15. Qh5 hxg5 16. hxg5 Qe8 17. Ng4 f5 18.
Qh3 fxg4 19. Qxg4 Qg6 20. Bf3 Nd4 21. Bd1 Nf5 22. Qh3 Kf7 23. Bh5 d4 24. Bxg6+ Kxg6 25. Qg4 Rh8 26. f3 Rh5 27. Kg2 Bxg5 28. Rh1 Rah8 29.
Rxh5 Rxh5 30. Rh1 Rxh1 31. Qxg5+ Kf7 32. Kxh1 Bxf3+ 33. Kg1 Bd1 34. c3 dxc3 35. bxc3 Ne7 36. Be3 a5 37. Qf4+ Nf5 38. g4 Bxg4 39. Qxg4 Nxe3 40. Qf3+ Nf5 41. Qb7 Ke7 42. Qxb5 Nxe5 43.
Qxc5+ Kf6 44. d4 Nf3+ 45. Kf2 Nd2 46. Qxa5 g5 47. Qe5+ Kf7 48. a4 g4 49. a5 g3+ 50.
Kg2 Nb3 51. a6 Nh4+ 52. Kxg3 Nf5+ 53. Qxf5+ exf5 54. a7 1-0

[Event "*** Titled Tuesday Blitz"]
[Site "Chess.com"]
[Date "2018.07.03"]
[Round "9"]
[White "VerdeNotte"]
[Black "Polish_fighter3000"]
[Result "0-1"]
[WhiteElo "2609"]
[BlackElo "2755"]
[TimeControl "180+2"]
[EndTime "14:58:26 PDT"]
[Termination "Polish_fighter3000 won by resignation"]

1. e4 g6 2. d4 Bg7 3. Nc3 d6 4. Be3 c6 5. f4 b5 6. Nf3 b4 7. Ne2 Nf6 8. Ng3 a5 9. Bd3 Ba6 10. O-O Nbd7 11. Bxa6 Rxa6 12. a3 Ra8 13. Kh1 O-O 14.
Qd2 Qb6 15. axb4 axb4 16. d5 c5 17. Qd3 Qb7 18. Nd2 Nb6 19. Rxa8 Rxa8 20. b3 Ra2 21. h3 Qa6 22. f5 Nfd7 23. Qxa6 Rxa6 24. Bg5 Kf8 25.
Ne2 Ra2 26. fxg6 hxg6 27. Rc1 Ke8 28. Bf4 Bb2 29. Rd1 Bc3 30. Rc1 Nf6 31. Nxc3 bxc3 32. Nc4 Nxc4 33. bxc4 Nxe4 34. Kg1 g5 35. Be3 f5 36.
Kf1 f4 37. Bg1 Nd2+ 38. Ke1 Nxc4 39. Ke2 Ne5 40. Bf2 Kf7 41. Be1 Nc4 42. Bxc3 Ne3 43. Kd3 Nxd5 44. Bd2 e5 45. Rb1 Ke6 46. Rb8 Nf6 47.
Bc3 d5 48. Rb6+ Kf5 49. Rc6 c4+ 50. Kd2 Ne4+ 51. Kc1 Nxc3 52. Rc8 Ke4 53. Rg8 d4 54. Rxg5 d3 0-1

[Event "*** Titled Tuesday Blitz"]
[Site "Chess.com"]
[Date "2018.07.03"]
[Round "9"]
[White "pulvettd"]
[Black "Goala"]
[Result "1-0"]
[WhiteElo "2466"]
[BlackElo "2414"]
[TimeControl "180+2"]
[EndTime "14:58:27 PDT"]
[Termination "pulvettd won by resignation"]

1. e4 e6 2. d4 d5 3. Bd3 dxe4 4. Bxe4 Nf6 5. Bf3 c5 6. Ne2 a6 7. Nbc3 Nbd7 8. O-O cxd4 9. Qxd4 Bc5 10. Qf4 O-O 11. Be3 Bxe3 12. Qxe3 Qb6 13. Qxb6 Nxb6 14. b3 Rb8 15.
Rfd1 Bd7 16. Rd6 Nc8 17. Rd2 Ne7 18. Rad1 Bc6 19. Nd4 Bxf3 20. Nxf3 Rbc8 21. Na4 h6 22. Nb6 Rc6 23. Nc4 Rfc8 24. Nd4 R6c7 25. Nb6 Re8 26. c4 Nc8 27. Nxc8 Rexc8 28. Nf3 Kf8 29. Ne5 Ke7 30.
f3 g5 31. Kf2 Rc5 32. Nd7 R5c7 33. Nb6 Rg8 34. a4 h5 35. Ke3 g4 36. f4 h4 37. a5 Rh8 38. b4 g3 39. h3 Rh5 40.
Kf3 Rf5 41. Re2 Nh5 42. Re4 Nf6 43. Re5 Rxe5 44. fxe5 Nh7 45. Kg4 Nf8 46. Kxh4 Ng6+ 47. Kxg3 Nxe5 48. h4 f5 49. c5 Kf6 50. Rd6 Rg7+ 51. Kh3 f4 52. Rd4 Kf5 53. Nc4 Ng4 54. Nd6+ Ke5 55. Re4+ Kd5 56. Rxf4 Ne5 57. Ne4 Rh7 58.
Nf6+ 1-0

[Event "*** Titled Tuesday Blitz"]
[Site "Chess.com"]
[Date "2018.07.03"]
[Round "9"]
[White "GMKrikor"]
[Black "pedromartinez91"]
[Result "1-0"]
[WhiteElo "2611"]
[BlackElo "2428"]
[TimeControl "180+2"]
[EndTime "14:58:37 PDT"]
[Termination "GMKrikor won by checkmate"]

1. e4 e6 2. d4 d5 3. Nd2 Nf6 4. e5 Ne4 5. Nxe4 dxe4 6. Bc4 Qd7 7. Ne2 c5 8. c3 Nc6 9. O-O cxd4 10. cxd4 Na5 11.
Bb3 Nxb3 12. Qxb3 b6 13. Be3 Bb7 14. Nc3 Bd5 15. Nxd5 Qxd5 16. Rfc1 Kd7 17. Qa4+ b5 18. Qa6 Be7 19. Rc2 Rhb8 20. Rac1 Qb7 21. Rc7+ Qxc7 22. Rxc7+ Kxc7 23. Bd2 Kd7 24. g3 Rb6 25. Qa5 Rb7 26. Qa6 Rb6 27. Qa5 h5 28. Be3 Rb7 29. Qa6 Rb6 30.
Qa5 Rbb8 31. Qa6 Bb4 32. d5 exd5 33. a3 Be7 34. Bd4 Bf8 35. Kg2 Be7 36. h3 Bf8 37. g4 hxg4 38. hxg4 Be7 39. Kg3 b4 40. Qa4+ Kd8 41. Qc6 bxa3 42. bxa3 Bxa3 43. Qxd5+ Ke8 44. e6 fxe6 45. Qxe6+ Kf8 46. Qxe4 Bd6+ 47. f4 Rb3+ 48. Kh4 Rd8 49. Qf5+ Ke7 50. Bxg7 Rg8 51. Bf6+ Kf7 52. g5 Rgb8 53. Qd5+ Kg6 54. f5+ Kh7 55. Qf7# 1-0

[Event "*** Titled Tuesday Blitz"]
[Site "Chess.com"]
[Date "2018.07.03"]
[Round "9"]
[White "Shant_Sargsyan"]
[Black "Dr-Bassem"]
[Result "1-0"]
[WhiteElo "2902"]
[BlackElo "2715"]
[TimeControl "180+2"]
[EndTime "14:58:54 PDT"]
[Termination "Shant_Sargsyan won on time"]

1. d4 Nf6 2. c4 g6 3. Nc3 Bg7 4. e4 d6 5. Nf3 O-O 6. Be2 e5 7. O-O Nc6 8. Be3 Ng4 9. Bg5 f6 10. Bh4 g5 11. Bg3 Nh6 12. dxe5 dxe5 13. Qb3 g4 14. Rad1 Qe8 15. Ne1 Nd4 16. Rxd4 exd4 17.
Nd5 Bd7 18. Nxc7 Qxe4 19. Bd3 Qc6 20. Nxa8 Rxa8 21. Nc2 f5 22. Re1 Re8 23. Rd1 Nf7 24. Nb4 Qb6 25. c5 Qxc5 26. Bc4 Qe7 27. Nd5 Qe4 28.
Nf6+ Bxf6 29. Bxf7+ Kg7 30. Bxe8 Bxe8 31. f3 gxf3 32. gxf3 Qe3+ 33. Qxe3 dxe3 34. Bf4 e2 35. Re1 Bd4+ 36. Kg2 Bb5 37. Bd2 a6 38. Bc3 Bxc3 39. bxc3 Kf6 40. Kf2 Bc4 41. Rb1 b5 42. Rb2 Ke5 43. Rd2 a5 44. a3 a4 45. Rd4 Kf6 46. Rh4 Kg6 47. f4 h6 48. Rh3 Kg7 49. Rg3+ Kf6 50. h4 h5 51. Rg5 Bd3 52. Rxh5 Ke6 53. Rg5 Kd5 54. h5 Kc4 55. h6 Kxc3 56. h7 Kd2 57.
Rg1 1-0

[Event "*** Titled Tuesday Blitz"]
[Site "Chess.com"]
[Date "2018.07.03"]
[Round "9"]
[White "Paralinch"]
[Black "dretch"]
[Result "1/2-1/2"]
[WhiteElo "2803"]
[BlackElo "2790"]
[TimeControl "180+2"]
[EndTime "14:58:57 PDT"]
[Termination "Game drawn by stalemate"]

1. e4 e6 2. d4 d5 3. exd5 exd5 4. Nf3 Bd6 5. Bd3 Nc6 6. O-O Bg4 7. c3 Nge7 8. b4 Qd7 9. Nbd2 O-O 10. Qc2 Bf5 11. Nb3 Bxd3 12. Qxd3 Qf5 13. Rd1 Rfe8 14. b5 Nd8 15.
Be3 Qxd3 16. Rxd3 a6 17. a4 axb5 18. axb5 Rxa1+ 19. Nxa1 Ne6 20. Nb3 Ra8 21. Rd1 Ra2 22. Nfd2 f5 23. f3 Kf7 24. h3 Rc2 25. Rc1 Rxc1+ 26. Nxc1 Nc8 27. c4 f4 28. Bf2 Bb4 29.
Ncb3 Nb6 30. cxd5 Nxd5 31. Nc4 b6 32. Nc1 Nc3 33. Nd3 Be7 34. Kf1 Ke8 35. Be1 Nd5 36. Bf2 Bf6 37. Nce5 Nc3 38. Be1 Nd5 39. Bf2 Bxe5 40.
dxe5 Nc3 41. Be1 Nxb5 42. Bd2 g5 43. h4 h6 44. hxg5 hxg5 45. g3 fxg3 46. Kg2 c5 47.
Kxg3 c4 48. Nb4 c3 49. Be3 Nbd4 50. Kg4 b5 51. Nd3 c2 52. Bc1 Kd7 53. Bb2 Kc6 54.
f4 gxf4 55. Nxf4 Nxf4 56. Kxf4 Ne2+ 57. Kf5 Kd7 58. e6+ Ke7 59. Ba3+ Ke8 60. Ke5 b4 61. Bb2 c1=Q 62. Bxc1 Nxc1 63. Kd4 b3 64. Kc3 Ke7 65. Kb2 Kxe6 66. Kxc1 Kd5 67. Kb2 Kc4 68. Kb1 Kc3 69.
Kc1 b2+ 70. Kb1 Kb3 1/2-1/2

[Event "*** Titled Tuesday Blitz"]
[Site "Chess.com"]
[Date "2018.07.03"]
[Round "9"]
[White "Triumphmate"]
[Black "NemtsevIgor"]
[Result "1-0"]
[WhiteElo "2239"]
[BlackElo "2384"]
[TimeControl "180+2"]
[EndTime "14:59:03 PDT"]
[Termination "Triumphmate won by resignation"]

1. e4 c6 2. d4 d5 3. Nc3 h6 4. Nf3 Nf6 5. e5 Ne4 6. Bd3 Bf5 7. O-O Nxc3 8. bxc3 Bxd3 9. Qxd3 e6 10. Be3 Be7 11. Nd2 O-O 12. f4 c5 13.
Rf3 c4 14. Qe2 f5 15. exf6 Bxf6 16. Raf1 Nc6 17. Rg3 Kh7 18. Qg4 Qe8 19. Nf3 b5 20. Ne5 Bxe5 21. fxe5 Rxf1+ 22. Kxf1 Qf7+ 23. Rf3 Qg6 24. Qh3 Re8 25. Rf2 Ne7 26. g4 Qe4 27. Ke2 Ng6 28. g5 Qxc2+ 29. Kf1 Qd3+ 30. Kg2 Qe4+ 31. Kf1 Nh4 32. gxh6 Qb1+ 33. Ke2 Qc2+ 34. Bd2 Qe4+ 35. Kd1 Qb1+ 36. Bc1 Qd3+ 37. Qxd3+ cxd3 38. Rf7 Nf5 39. hxg7 Nxg7 40. Kd2 Kg6 41. Rxa7 Nf5 42. Kxd3 Rh8 43. Bf4 Rh3+ 44. Bg3 Nxg3 45. hxg3 Rxg3+ 46. Kc2 Kf5 47. Rb7 Rg2+ 48. Kb3 Ke4 49. Rxb5 Kd3 50. Rc5 Rg1 51. a4 Rb1+ 52. Ka2 Rb6 53. a5 Ra6 54. Kb3 Ra8 55. Kb4 Rb8+ 56. Rb5 Rc8 57. Rc5 Rb8+ 58. Ka4 Rb1 59.
a6 Kc2 60. Ka5 Ra1+ 61. Kb6 Kb3 62. a7 1-0

[Event "*** Titled Tuesday Blitz"]
[Site "Chess.com"]
[Date "2018.07.03"]
[Round "9"]
[White "NguyenDucHoa"]
[Black "Parhamov"]
[Result "0-1"]
[WhiteElo "2530"]
[BlackElo "2771"]
[TimeControl "180+2"]
[EndTime "14:59:06 PDT"]
[Termination "Parhamov won on time"]

1. d4 d5 2. c4 c6 3. Nf3 Nf6 4. Qb3 a6 5. g3 dxc4 6. Qxc4 b5 7. Qc2 Bb7 8. Bg2 Nbd7 9. O-O e6 10. Ne5 Rc8 11.
Rd1 Bd6 12. Bf4 Qc7 13. Nxd7 Nxd7 14. Bxd6 Qxd6 15. Nd2 O-O 16. Ne4 Qb8 17. Rac1 Rfd8 18. Nc5 a5 19. Nxd7 Rxd7 20. Qc5 h6 21. e3 Qa8 22. a3 Qa6 23. Rc3 Rdc7 24. Rdc1 a4 25. Qd6 Ba8 26. Rc5 Qb6 27. R5c3 Bb7 28. h4 Qa5 29. g4 Ba8 30. Rc5 Qb6 31. g5 hxg5 32. hxg5 b4 33. g6 bxa3 34. gxf7+ Rxf7 35. Qxe6 Rf8 36. bxa3 Qb2 37. Bf3 Qb3 38. d5 Kh8 39. Kg2 cxd5 40. Rc7 d4 41. Qh3+ Kg8 42. Bxa8 Rxa8 43.
Rc8+ Rf8 44. exd4 Qb7+ 45. R8c6 Rae8 46. d5 Re2 47. Rf1 Qb2 48. Qg3 Qd4 49. Rd6 Re4 50.
Rg6 Ref4 51. Rg5 R8f7 52. Kg1 Rf3 53. Qg2 Qd3 54. d6 Qxd6 55. Rc1 Qf8 56. Rc2 Rd7 57. Kh2 Qf4+ 58. Rg3 Rdd3 59. Rc8+ Kf7 0-1

[Event "*** Titled Tuesday Blitz"]
[Site "Chess.com"]
[Date "2018.07.03"]
[Round "9"]
[White "Spring199"]
[Black "Mbneu"]
[Result "0-1"]
[WhiteElo "2195"]
[BlackElo "2275"]
[TimeControl "180+2"]
[EndTime "14:59:12 PDT"]
[Termination "Mbneu won by checkmate"]

1. d4 d5 2. Bf4 e6 3. e3 Bd6 4.
Bg3 Ne7 5. Nf3 Nf5 6. Bd3 Nd7 7. Nbd2 O-O 8. c4 dxc4 9. Nxc4 Nb6 10. Nxd6 cxd6 11.
e4 Ne7 12. O-O Ng6 13. Qd2 Re8 14. Rac1 e5 15. Bb5 Bd7 16. Bxd7 Qxd7 17. dxe5 dxe5 18. Qxd7 Nxd7 19. Rc7 Nf6 20. Re1 b6 21. h4 Nh5 22.
Bh2 Nhf4 23. h5 Nxh5 24. Rd1 Nf6 25. Ng5 Rf8 26. f3 h6 27. Nh3 Rfe8 28. Nf2 Nf8 29. Rb7 Rad8 30. Rxd8 Rxd8 31. Rxa7 N6d7 32. Nd3 f6 33.
Nb4 Nc5 34. Nd5 Nfe6 35. b4 Nd3 36. a4 Nd4 37. a5 bxa5 38. bxa5 Rb8 39. Bg3 Ne2+ 40.
Kh2 Nef4 41. Bxf4 Nxf4 42. Nxf4 exf4 43. a6 Kh7 44. Kh3 h5 45. Rd7 Rb1 46. Kh2 Ra1 47. a7 Kh6 48. g3 Ra2+ 49. Kh3 fxg3 50. Kxg3 g5 51. f4 Ra3+ 52. Kg2 g4 53. e5 fxe5 54. fxe5 h4 55. e6 Ra2+ 56. Kf1 h3 57. e7 h2 58. a8=Q Rxa8 59. Kg2 Ra2+ 60. Kh1 g3 61. e8=Q Ra1+ 62.
Kg2 h1=Q+ 63. Kxg3 Rg1+ 64. Kf4 Qh4+ 65. Kf5 Rf1+ 66.
Ke6 Re1+ 67. Kf7 Qf4+ 68. Kg8 Rxe8# 0-1

[Event "*** Titled Tuesday Blitz"]
[Site "Chess.com"]
[Date "2018.07.03"]
[Round "9"]
[White "GM_Huschenbeth"]
[Black "plouarzel"]
[Result "1/2-1/2"]
[WhiteElo "2514"]
[BlackElo "2489"]
[TimeControl "180+2"]
[EndTime "14:59:20 PDT"]
[Termination "Game drawn - insufficient material"]

1. e4 d6 2. d4 Nf6 3. Nc3 e5 4. Nf3 Nbd7 5. Bc4 exd4 6. Nxd4 Nb6 7. Be2 Be7 8. O-O O-O 9. Be3 c6 10. h3 d5 11. e5 Ne8 12. Nb3 g6 13. f4 Ng7 14.
Bc5 f6 15. exf6 Bxc5+ 16. Nxc5 Qxf6 17. Qd2 Nf5 18. Rfe1 Nd7 19. Nd3 Qd4+ 20. Kh2 Qe3 21. Qxe3 Nxe3 22. Rac1 Nb6 23. Bf3 Nf5 24. Ne2 Bd7 25. g4 Nd6 26. Nd4 Rae8 27. Kg3 Kg7 28. b3 Rxe1 29. Rxe1 Re8 30. Ne5 Bc8 31. a4 Nd7 32.
Nd3 Rxe1 33. Nxe1 Kf7 34. Nd3 Nf6 35. Nf2 c5 36. Nb5 Nxb5 37. axb5 Be6 38. g5 Nd7 39. Nd3 Ke7 40. h4 Kd6 41. h5 Bf5 42. Bg4 Nf8 43. Bxf5 gxf5 44. Ne5 Ke6 45. h6 a6 46. bxa6 bxa6 47.
Kh4 a5 48. Kh5 c4 49. g6 hxg6+ 50. Nxg6 Nh7 51. Ne5 cxb3 52. cxb3 Kf6 53. Nd7+ Kf7 54. Ne5+ Kf6 55. Nc6 Nf8 56. Nxa5 Ne6 57. h7 Kg7 58. h8=Q+ Kxh8 59. Kg6 Nxf4+ 60. Kxf5 Nd3 61. Nb7 Kg7 62. Ke6 d4 63. Kd5 Nc1 64. Kxd4 Nxb3+ 65. Kc3 Nc5 66. Nxc5 1/2-1/2

[Event "*** Titled Tuesday Blitz"]
[Site "Chess.com"]
[Date "2018.07.03"]
[Round "9"]
[White "1b31-0"]
[Black "BlackBoarder"]
[Result "1/2-1/2"]
[WhiteElo "2207"]
[BlackElo "2239"]
[TimeControl "180+2"]
[EndTime "14:59:23 PDT"]
[Termination "Game drawn - insufficient material"]

1. b3 Nf6 2. Bb2 e6 3. e3 d5 4. Nf3 c5 5. Bb5+ Bd7 6. Qe2 Nc6 7. O-O Be7 8. d3 O-O 9. Nbd2 Nb4 10. Bxd7 Qxd7 11.
c3 Nc6 12. c4 Rfd8 13. Rfd1 Rac8 14. Ne5 Nxe5 15. Bxe5 Ne8 16. Bb2 Bf6 17. Bxf6 Nxf6 18. Nf3 b5 19. cxd5 exd5 20. Rac1 h6 21. h3 Qe6 22.
Rd2 Nd7 23. Rdc2 a5 24. Nd4 Qb6 25. Nf5 Qf6 26. Ng3 Ra8 27. Nh5 Qg6 28. Nf4 Qd6 29. Qf3 d4 30. e4 a4 31. Nd5 axb3 32. axb3 Ra3 33. b4 Ne5 34. Qe2 Nxd3 35. Rd1 Nxb4 36.
Nxb4 cxb4 37. Qxb5 d3 38. Rcd2 Rc3 39. e5 Qc5 40. Qxc5 Rxc5 41. Rxd3 Rxd3 42. Rxd3 Rxe5 43. Rd8+ Kh7 44. Rb8 Re1+ 45. Kh2 Rb1 46. Kg3 Kg6 47. Kf4 b3 48. Ke3 h5 49. Kd2 b2 50. Ke2 Rg1 51. Rxb2 Rxg2 52. Kf3 Rg1 53. Rb6+ f6 54. Rb5 Kh6 55.
Rb7 g5 56. Rb6 Kg6 57. Rb8 Kf5 58. Rb5+ Ke6 59. Rb8 f5 60. Rb6+ Ke7 61. Rb7+ Kf8 62. Rb8+ Kf7 63. Rb7+ Ke8 64. Rb8+ Kd7 65. Rb5 g4+ 66.
hxg4 fxg4+ 67. Kf4 h4 68. Rh5 h3 69. f3 gxf3 70. Kxf3 Rh1 71. Kg3 Ke6 72. Rh6+ Kf5 73. Rxh3 Rxh3+ 74. Kxh3 1/2-1/2

[Event "*** Titled Tuesday Blitz"]
[Site "Chess.com"]
[Date "2018.07.03"]
[Round "9"]
[White "26andrej26"]
[Black "colegiodemadrid"]
[Result "0-1"]
[WhiteElo "2404"]
[BlackElo "2248"]
[TimeControl "180+2"]
[EndTime "14:59:51 PDT"]
[Termination "colegiodemadrid won on time"]

1. e4 e5 2. Nf3 Nc6 3. Bb5 a6 4. Ba4 g6 5. Nc3 Bg7 6. d4 exd4 7. Nd5 Nce7 8. O-O c6 9. Nf4 b5 10. Bb3 c5 11. Bd5 Nxd5 12. exd5 d6 13. Re1+ Ne7 14.
Qe2 Ra7 15. a4 b4 16. a5 O-O 17. Nd2 Nf5 18. Nc4 Re7 19. Qf1 Rxe1 20. Qxe1 Re8 21. Qf1 Bd7 22. Nd3 Bb5 23. Nb6 h6 24. Bd2 Re5 25. Qd1 Bxd3 26. cxd3 Ne7 27. Bf4 Rxd5 28. Nxd5 Nxd5 29. Qf3 Nxf4 30. Qxf4 Be5 31. Qe4 Qg5 32. g3 Qd2 33. b3 Qb2 34. Rf1 Qxb3 35.
f4 Bf6 36. f5 g5 37. Qa8+ Kg7 38. Qxa6 Qc2 39. Qc4 Qa4 40. a6 Be5 41. f6+ Bxf6 42.
Kg2 Qa3 43. Qc2 Qxa6 44. Qf2 d5 45. Qf3 Qd6 46. Qd1 c4 47. Qb1 c3 48. Qb3 Qc5 49. Qc2 Qe7 50. h3 Qe3 51. Rf3 Qe1 52. Rf1 Qe6 53.
Rf2 Qb6 54. Qb3 Qb5 55. Rf3 h5 56. g4 h4 57. Kf2 Qb8 58. Kg2 Qe5 59. Qc2 b3 60. Qxb3 Qe2+ 61. Rf2 Qxd3 62. Qxd5 Qg3+ 63. Kf1 Qxh3+ 64. Ke2 Qxg4+ 65. Kd3 Qg3+ 66. Rf3 Qe5 67. Qc6 g4 68. Rf1 g3 69. Qf3 h3 70.
Qg4+ Qg5 71. Qxh3 Qg6+ 72. Kc4 d3 0-1

[Event "*** Titled Tuesday Blitz"]
[Site "Chess.com"]
[Date "2018.07.03"]
[Round "9"]
[White "ChainsOfFantasia"]
[Black "eljanov"]
[Result "0-1"]
[WhiteElo "2424"]
[BlackElo "2662"]
[TimeControl "180+2"]
[EndTime "14:59:52 PDT"]
[Termination "eljanov won by resignation"]

1. d4 d5 2. Nf3 Nf6 3. c4 c6 4.
Nc3 a6 5. c5 Bf5 6. g3 h6 7.
Bg2 Nbd7 8. O-O e6 9. Re1 Be7 10. Bf4 O-O 11. b4 Ne4 12. Qc1 Bf6 13. Ne5 Bxe5 14.
Bxe5 Nxe5 15. Nxe4 dxe4 16. dxe5 Qd4 17. Qf4 g5 18.
Qe3 Rfd8 19. Qxd4 Rxd4 20. Rab1 Rad8 21. e3 Rd2 22. a4 Ra2 23. Ra1 Rdd2 24. Rxa2 Rxa2 25. h3 Rxa4 26. g4 Bg6 27. Rb1 Kf8 28. Bf1 Ke7 29. Bc4 a5 30. bxa5 Rxc4 31. Rxb7+ Kf8 32.
a6 Kg7 33. a7 Ra4 34. Kf1 h5 35. Ke1 Ra5 36. Ke2 Ra2+ 37. Ke1 h4 38. Kf1 Ra1+ 39.
Kg2 Kh6 40. Kh2 Ra2 41. Kg2 Kg7 42. Kg1 Bh7 43. Kf1 Kg6 44. Kg2 Kg7 45. Kf1 Bg8 46. Kg2 Kh6 47. Rb8 Rxa7 48. Rxg8 Ra5 49. Rd8 Rxc5 50.
Rd7 Kg6 51. Rc7 Rc1 52. Rc8 c5 53. f4 exf3+ 54. Kxf3 c4 55. Rg8+ Kh6 56. Rf8 Kg7 57.
Rc8 c3 58. Kg2 c2 59. Kh2 f6 60. Rc7+ Kg6 61. Rc6 fxe5 62. Rxe6+ Kf7 63. Rc6 Ke7 64. Kg2 Kd7 65. Rc5 e4 66. Rc4 Kd6 67. Rc8 Kd5 68.
Rc7 Re1 69. Rxc2 Rxe3 70. Ra2 Rg3+ 71. Kh2 e3 72. Ra5+ Ke4 73. Ra8 e2 74. Re8+ Kd3 75.
Rd8+ Kc2 76. Rc8+ Kd2 77. Rd8+ Rd3 0-1